 Dungeon Crawl Stone Soup version 0.30-a0-860-g512cf1e979 (webtiles) character file.

Game seed: 2725482897128909362

2043 Ge0ff the Slicer (level 9, -4/76 HPs)
             Began as a Naga Fighter on Mar 8, 2023.
             Was a Follower of Uskayaw.
             Slain by zammaz's ghost (17 damage)
             ... on level 6 of the Dungeon.
             The game lasted 00:18:08 (6274 turns).

Ge0ff the Slicer (Naga Fighter)                     Turns: 6274, Time: 00:18:08

Health: -4/76      AC: 11    Str: 18    XL:     9   Next: 24%
Magic:  11/11      EV: 12    Int:  9    God:    Uskayaw [*.....]
Gold:   247        SH:  6    Dex: 21    Spells: 8/8 levels left

rFire   . . .      SeeInvis +    a - +3 short sword (flame)
rCold   . . .      Faith    .    c - +0 buckler
rNeg    . . .      Spirit   .    L - +0 scale mail
rPois   +          Reflect  .    R - +2 helmet
rElec   .          Rampage  .    P - scarf {shadows}
rCorr   .                        A - +0 pair of gloves
Will    +....                    (no barding)
Stlth   ++                       Z - amulet of the acrobat
HPRegen 0.32/turn                x - +5 ring of evasion
MPRegen 0.12/turn                Y - +6 ring of dexterity

@: mighty, very slow
A: AC +3, large, see invisible, deformed body, poison resistance, slowness 2,
spit poison 1, naga tail 1
a: Spit Poison, Renounce Religion, Stomp


You were on level 6 of the Dungeon.
You worshipped Uskayaw.
Uskayaw was noncommittal.
You visited 2 branches of the dungeon, and saw 7 of its levels.

You collected 247 gold pieces.

Inventory:

Hand Weapons
 a - a +3 short sword of flaming (weapon)
 b - a +1 rapier
 w - a +3 dagger of speed
 z - a +5 dagger
 C - a +0 dagger of holy wrath
 G - a +1 short sword of venom
Missiles
 v - 4 curare-tipped darts {=F}
 J - 4 poisoned darts
 O - 2 boomerangs of dispersal
 X - 5 boomerangs
Armour
 c - a +0 buckler (worn)
 A - a +0 pair of gloves (worn)
 D - a +1 robe of willpower
 H - a scarf of resistance
 K - a scarf of invisibility
 L - a +0 scale mail (worn)
 P - a scarf of shadows (worn)
 Q - a +0 cloak
 R - a +2 helmet (worn)
Jewellery
 x - a +5 ring of evasion (left hand)
 Y - a +6 ring of dexterity (right hand)
 Z - an amulet of the acrobat (around neck)
Scrolls
 i - 2 scrolls of identify
 m - 5 scrolls of magic mapping
 y - a scroll of immolation
 B - 2 scrolls of blinking
 E - 2 scrolls of fear
 T - a scroll of teleportation
 V - a scroll of vulnerability
Potions
 q - 5 potions of curing
 F - a potion of ambrosia {unknown}
 I - 2 potions of brilliance {unknown}
 N - 3 potions of cancellation {!q}
 S - a potion of lignification {unknown}
 U - 2 potions of flight {unknown}
 W - 4 potions of heal wounds {!q}


   Skills:
 + Level 3.4 Fighting
 * Level 8.7 Short Blades
 + Level 4.6 Throwing
 - Level 3.0 Armour
 - Level 1.0 Dodging
 + Level 3.6 Stealth
 - Level 3.0 Shields
 + Level 3.4 Invocations
 - Level 3.0 Evocations


You had 8 spell levels left.
You didn't know any spells.
Your spell library was empty.

Dungeon Overview and Level Annotations

Branches:
Dungeon (6/15) Zot: 25144  Temple (1/1) D:6 Zot: 5461

Altars:
Ashenzari
Cheibriados
Dithmenos
Elyvilon
Fedhas
Gozag
Hepliaklqana
Kikubaaqudgha
Makhleb
Nemelex Xobeh
Okawaru
Qazlal
Ru
Trog
Uskayaw
Vehumet
Xom
Zin
The Shining One

Annotations:
D:6 1 transporter, zammaz's ghost, novice DECj


Innate Abilities, Weirdness & Mutations

Your serpentine skin is tough. (AC +3)
You have supernaturally acute eyesight. (SInv)
Armour fits poorly on your strangely shaped body.
Your system is resistant to poisons. (rPois)
You cover ground very slowly.
You can spit poison.
You have a snake-like lower body.


Message History

Zammaz's ghost is severely damaged.
You completely miss zammaz's ghost.
Zammaz's ghost is severely damaged.
Zammaz's ghost hits you.
You completely miss zammaz's ghost.
Zammaz's ghost is severely damaged.
Zammaz's ghost gestures at you while chanting.
The magic dart hits you.
You closely miss zammaz's ghost.
Zammaz's ghost is severely damaged.
You miss zammaz's ghost.
Zammaz's ghost is severely damaged.
Zammaz's ghost gestures at you while chanting.
The magic dart hits you.
You closely miss zammaz's ghost.
Zammaz's ghost is severely damaged.
You completely miss zammaz's ghost.
Zammaz's ghost is severely damaged.
Zammaz's ghost hits you but does no damage.
You completely miss zammaz's ghost.
Zammaz's ghost is severely damaged.
Zammaz's ghost casts a spell at you. The magic dart hits you.
You closely miss zammaz's ghost.
Zammaz's ghost is severely damaged.
You closely miss zammaz's ghost.
Zammaz's ghost is severely damaged.
Zammaz's ghost hits you but does no damage.
You completely miss zammaz's ghost.
Zammaz's ghost is severely damaged.
You completely miss zammaz's ghost.
Zammaz's ghost is severely damaged.
Zammaz's ghost hits you but does no damage.
You completely miss zammaz's ghost.
Zammaz's ghost is severely damaged.
Zammaz's ghost casts a spell at you. The magic dart hits you.
You closely miss zammaz's ghost.
Zammaz's ghost is severely damaged.
You completely miss zammaz's ghost.
Zammaz's ghost is severely damaged.
Zammaz's ghost hits you but does no damage.
You are electrocuted!
* * * LOW HITPOINT WARNING * * *
You completely miss zammaz's ghost.
Zammaz's ghost is heavily damaged.
Zammaz's ghost hits you.
* * * LOW HITPOINT WARNING * * *
You are electrocuted!
You die...

# #....#.##......$#..# #.#.# #
# #....#.#..#.#...#..# #.#.# #
#....#)#..#.#...#..# #.#.# #
#......##.....#.##.# #.#.#
#.......#$.#...#.#.# #.#.#
#####....©#?=.©#...#.# #.#.#
..# #.....#?#..5..##.####.#.#
#.###....##.#.5W#.#©......#.#
#........# .#.##@.##.######.#
##....##.#.#...#..©#.# #.#
##.>..#.##..#....##.# #.###
#.....).#......##..######...###
#####...## #####.......##.#....
##...###.....####..........
###.......###.## #...#.#....
#.......#......# #.#.#.#.##.
#..............# #.#........


You could see 2 quasits and zammaz's ghost.

Vanquished Creatures
  Grinder (D:6)
  2 water moccasins
  Duvessa (D:4)
  A black bear (D:6)
  An ice beast (D:6)
  An ogre (D:4)
  A phantom (D:5)
  A bullfrog (D:6)
  A scorpion (D:6)
  4 wights
  Dowan (D:4)
  3 hounds
  A quasit (D:6)
  Crazy Yiuf (D:2)
  2 jellies (D:6)
  3 orc priests
  A sleepcap (D:6)
  Jessica (D:2)
  2 iguanas (D:6)
  3 orc wizards
  5 gnolls
  8 adders
  3 shadow imps
  3 white imps (D:6)
  An ufetubus (D:6)
  A worm (D:2)
  27 orcs
  4 bats
  7 endoplasms
  5 giant cockroaches
  8 hobgoblins
  3 jackals (D:5)
  12 kobolds
  3 quokkas
  8 ball pythons
  4 frilled lizards
  8 goblins
  6 rats
148 creatures vanquished.

Vanquished Creatures (others)
  2 plants (D:4)
2 creatures vanquished.

Grand Total: 150 creatures vanquished

Notes
Turn   | Place    | Note
-------+----------+-------------------------------------------
     0 | D:1      | Ge0ff the Naga Fighter began the quest for the Orb.
     0 | D:1      | Reached XP level 1. HP: 21/21 MP: 1/1
    88 | D:1      | Reached XP level 2. HP: 25/28 MP: 2/2
   132 | D:1      | Found a faded altar of an unknown god.
   255 | D:1      | Reached skill level 1 in Stealth
   547 | D:1      | Reached XP level 3. HP: 34/34 MP: 3/3
   908 | D:2      | Noticed Jessica
   914 | D:2      | Killed Jessica
   915 | D:2      | Reached XP level 4. HP: 17/42 MP: 4/4
  1010 | D:2      | Reached skill level 3 in Short Blades
  1118 | D:2      | Reached skill level 1 in Dodging
  1275 | D:2      | Found a runed translucent door.
  1276 | D:2      | Noticed Crazy Yiuf
  1287 | D:2      | Killed Crazy Yiuf
  1442 | D:2      | Reached XP level 5. HP: 48/49 MP: 5/5
  2445 | D:3      | Reached skill level 4 in Short Blades
  3006 | D:4      | Found a large runed translucent door.
  3007 | D:4      | Found a large runed translucent door.
  3016 | D:4      | Found a glowing silver altar of Zin.
  3016 | D:4      | Noticed an ogre
  3022 | D:4      | Killed an ogre
  3023 | D:4      | Reached skill level 5 in Short Blades
  3023 | D:4      | Reached XP level 6. HP: 19/56 MP: 6/6
  3041 | D:4      | Found a broken altar of Ashenzari.
  3283 | D:4      | Noticed Duvessa
  3283 | D:4      | Noticed Dowan
  3288 | D:4      | Killed Duvessa
  3289 | D:4      | Reached skill level 6 in Short Blades
  3292 | D:4      | Killed Dowan
  3293 | D:4      | Reached XP level 7. HP: 61/62 MP: 7/7
  3466 | D:4      | Found a sacrificial altar of Ru.
  3504 | D:5      | Entered Level 5 of the Dungeon
  3708 | D:5      | Reached skill level 7 in Short Blades
  3816 | D:5      | Reached skill level 1 in Throwing
  3816 | D:5      | Reached skill level 1 in Evocations
  4303 | D:6      | Reached XP level 8. HP: 64/69 MP: 8/8
  4355 | D:6      | Noticed zammaz's ghost (novice DECj)
  4364 | D:6      | Found a transporter.
  4476 | D:6      | Found a transporter.
  4644 | D:6      | Found a staircase to the Ecumenical Temple.
  4654 | Temple   | Entered the Ecumenical Temple
  4964 | Temple   | Became a worshipper of Uskayaw the Reveller
  5040 | Temple   | Reached * piety under Uskayaw
  5041 | Temple   | Reached ** piety under Uskayaw
  5065 | D:6      | Reached *** piety under Uskayaw
  5090 | D:6      | Noticed Grinder
  5111 | D:6      | Reached skill level 1 in Invocations
  5128 | D:6      | Reached **** piety under Uskayaw
  5132 | D:6      | Killed Grinder
  5133 | D:6      | Reached skill level 8 in Short Blades
  5605 | D:6      | Reached XP level 9. HP: 63/75 MP: 11/11
  6274 | D:6      | Slain by zammaz's ghost

Illustrated notes

Levels and vault maps discovered:
D:1:      giann_horns, layout_loops_ring,
          hellmonk_ecumenical_altar_pennies_from_heaven
D:2:      layout_basic, nicolae_hexahallways, uniq_jessica,
          uniq_crazy_yiuf_cottage
D:3:      layout_basic
D:4:      layout_rooms, nicolae_ru_the_path_less_chosen, jmf_multi_god_temple2,
          uniq_duvessa
D:5:      layout_cave_pools, minmay_misc_feat_diagonals
D:6:      layout_basic, minmay_temple_entry_ruins, gammafunk_ghost_stat_death,
          minmay_circle_x, uniq_grinder
Temple:   minmay_temple_bridge_d

Skill      XL: |  1  2  3  4  5  6  7  8 |
---------------+-------------------------+-----
Stealth        | 1 2 3 |  3.6
Shields        | 3 |  3.0
Short Blades   | 3 5 6 7 8 |  8.7
Dodging        | 1 |  1.0
Armour         | 3 |  3.0
Throwing       | 2 4 |  4.6
Evocations     | 2 3 |  3.0
Invocations    | 3 |  3.4
Fighting       | |  3.4

Action                     |  1- 3 |  4- 6 |  7- 9 || total
---------------------------+-------+-------+-------++-------
  Melee: Rapier            |    63 |     3 |       ||    66
         Dagger            |       |   157 |     3 ||   160
         Short sword       |       |       |   297 ||   297
 Invoke: Line Pass         |       |       |     3 ||     3
Ability: Spit Poison       |    29 |    41 |    30 ||   100
  Evoke: Wand              |       |     8 |     1 ||     9
    Use: Potion            |       |     2 |     3 ||     5
         Scroll            |       |    10 |     5 ||    15
   Stab: Distracted        |       |       |     1 ||     1
         Paralysed         |       |       |     3 ||     3
         Confused          |       |       |     1 ||     1
         Sleeping          |       |       |     1 ||     1
 Armour: Scale mail        |    14 |    30 |    52 ||    96
  Dodge: Dodged            |    15 |    50 |   100 ||   165
  Block: Buckler           |    10 |    19 |    38 ||    67

Table legend: (Time is in decaauts)
 A = Elapsed time spent in this place.
 B = Non-inter-level travel time spent in this place.
 C = Inter-level travel time spent in this place.
 D = Time resting spent in this place.
 E = Time spent auto-exploring this place.
 F = Levels seen in this place.
 G = Mean time per level.
                   A        B        C        D        E       F      G
               +--------+--------+--------+--------+--------+-----+--------+
         Total |   7805 |   7167 |    638 |     64 |   5643 |   7 | 1115.0 |
       Dungeon |   7266 |   6829 |    437 |     64 |   5341 |   6 | 1211.0 |
        Temple |    539 |    338 |    201 |      0 |    302 |   1 |  539.0 |
               +--------+--------+--------+--------+--------+-----+--------+

Top non-repeatable levels by time:
     D:6: 1855 daAuts
     D:2: 1608 daAuts
     D:1: 1111 daAuts
     D:4: 927 daAuts
     D:5: 924 daAuts
     D:3: 839 daAuts
  Temple: 539 daAuts
